 Dungeon Crawl Stone Soup version 0.29-a0-878-g7b45a56547 (webtiles) character file.

Game seed: 6990745791368970066

10906 kevlar127 the Grappler (level 11, -15/115 HPs)
             Began as a Troll Berserker on July 19, 2022.
             Was an Elder of Trog.
             Demolished by a cyclops (27 damage)
             ... on level 11 of the Dungeon on July 20, 2022.
             The game lasted 00:25:19 (10342 turns).

kevlar127 the Grappler (Troll Berserker)           Turns: 10342, Time: 00:25:19

Health: -15/115    AC:  9    Str: 31    XL:     11   Next: 42%
Magic:  10/10      EV: 10    Int:  3    God:    Trog [****..]
Gold:   579        SH:  5    Dex:  9    Spells: 10/10 levels left

rFire   + . .      SeeInvis .     - Unarmed
rCold   . . .      Faith    .   (no shield)
rNeg    . . .      Spirit   .   a - +0 steam dragon scales
rPois   +          Reflect  +   (helmet restricted)
rElec   .          Harm     .   O - +0 cloak
rCorr   .          Rampage  .   (gloves unavailable)
Will    .....                   (boots unavailable)
Stlth   +.........              h - amulet of reflection
HPRegen 1.09/turn               z - ring of protection from fire
MPRegen 0.12/turn               D - ring of poison resistance

@: on berserk cooldown, slowed, very slow
A: large, unfitting armour, claws 3, regeneration 1, shaggy fur 1, tough skin 1
a: Renounce Religion, Berserk, Trog's Hand, Brothers in Arms


You were on level 11 of the Dungeon.
You worshipped Trog.
Trog was greatly pleased with you.
You visited 1 branch of the dungeon, and saw 11 of its levels.

You collected 579 gold pieces.

Inventory:

Missiles
 c - 109 stones
 f - 36 poisoned darts
 v - 8 javelins
 A - 5 large rocks
 G - 4 boomerangs (quivered)
 K - 4 datura-tipped darts
 P - 5 curare-tipped darts
 S - a throwing net
 T - 5 silver boomerangs
Armour
 a - +0 steam dragon scales (worn)
 O - a +0 cloak (worn)
Jewellery
 h - an amulet of reflection (around neck)
 n - an amulet of faith
 z - a ring of protection from fire (left claw)
 D - a ring of poison resistance (right claw)
Wands
 l - a wand of acid (5)
 y - a wand of roots (21)
 B - a wand of flame (40)
 R - a wand of mindburst (12)
 U - a wand of polymorph (1)
Scrolls
 b - 6 scrolls of fear {unknown}
 e - 8 scrolls of identify {unknown}
 g - 4 scrolls of vulnerability {unknown}
 r - a scroll of magic mapping {unknown}
 t - 2 scrolls of blinking {unknown}
 u - 4 scrolls of noise {unknown}
 w - 2 scrolls of summoning {unknown}
 x - 2 scrolls of immolation {unknown}
 E - a scroll of silence {unknown}
 F - 4 scrolls of teleportation
 H - a scroll of torment {unknown}
 I - 2 scrolls of amnesia {unknown}
 M - a scroll of enchant armour {unknown}
 N - a scroll of enchant weapon {unknown}
 Q - 2 scrolls of fog {unknown}
Potions
 d - 2 potions of attraction {unknown}
 i - a potion of cancellation {unknown}
 j - a potion of degeneration {unknown}
 k - a potion of lignification {unknown}
 m - 4 potions of brilliance
 o - 5 potions of curing {unknown}
 p - 2 potions of haste {unknown}
 q - 4 potions of flight {unknown}
 s - 4 potions of heal wounds {unknown}
 C - 2 potions of might {unknown}
 J - 2 potions of mutation {unknown}
 L - a potion of invisibility


   Skills:
 + Level 9.6 Fighting
 + Level 7.2 Throwing
 - Level 4.0 Armour
 - Level 3.0 Dodging
 + Level 11.3 Unarmed Combat


You had 10 spell levels left.
You didn't know any spells.
Your spell library was empty.

Dungeon Overview and Level Annotations

Branches:
Dungeon (11/15)            Temple (0/1) D:7            Lair (0/5) D:11
    Orc (0/2) D:9

Altars:
Ashenzari
Cheibriados
Hepliaklqana
Ru
Vehumet
Wu Jian
Yredelemnul
The Shining One

Shops:
D:1 ([

Annotations:
D:5 5 runed translucent doors


Innate Abilities, Weirdness & Mutations

You are too large for most types of armour.
You have claws for hands.
Your natural rate of healing is unusually fast.
You are covered in fur. (AC +1)
You have tough skin. (AC +1)


Message History

You feel yourself moving faster!
You feel mighty!
The seven-headed hydra bites you but does no damage.
The seven-headed hydra bites you! x3
You block the seven-headed hydra's attack.
The seven-headed hydra bites you! The seven-headed hydra bites you.
Unknown command.
You rip one of the seven-headed hydra's heads off!
The six-headed hydra grows two more!
You mangle the eight-headed hydra!!
You kill the eight-headed hydra!
Trog accepts your kill.
A cyclops is nearby!
A cyclops is nearby!
A cyclops is nearby!
A cyclops is nearby!
A cyclops is nearby!
Unknown command.
A cyclops is nearby!
A cyclops is nearby!
A cyclops is nearby!
A cyclops is nearby!
A cyclops is nearby!
A cyclops is nearby!
You feel a strong urge to attack something.
You eviscerate the cyclops!!!
The cyclops is almost dead.
The cyclops hits you!!
* * * LOW HITPOINT WARNING * * *
You scratch the cyclops.
The cyclops is almost dead.
You are no longer berserk.
You are exhausted.
You feel yourself slow down.
You scratch the cyclops.
The cyclops is almost dead.
The cyclops hits you!!
* * * LOW HITPOINT WARNING * * *
You barely miss the cyclops.
The cyclops is almost dead.
The cyclops hits you!!
You die...

...... .......####
#....#......
#........!..
........... .####
#..........
......#####.......≈≈.
#.....@C...≈.≈≈≈.
####......≈≈.≈≈≈.
#[###....≈≈≈≈. #.#
#.....≈≈≈. #<#
#...≈≈.≈≈. #.#
#...≈≈≈≈≈. #.#
##.≈≈≈≈≈≈. #.#
#≈≈≈≈≈≈.. #.#
#≈≈≈≈≈≈..


You could see a cyclops.

Vanquished Creatures
  Josephine (D:10)
  A hydra (D:11)
  Erica (D:8)
  A two-headed ogre (D:10)
  Joseph (D:8)
  A gargoyle (D:11)
  The ghost of peter4 the Skirmisher, an amateur GnHu (D:4)
  2 hornets
  2 trolls
  Prince Ribbit (D:8)
  3 wraiths (D:10)
  4 wyverns
  3 yaks (D:8)
  A shadow (D:9)
  2 steam dragons
  A water moccasin (D:8)
  2 acid dragons (D:10)
  4 orc warriors
  An ice beast (D:7)
  3 sky beasts
  4 ogres (D:9)
  4 wolves (D:11)
  3 phantoms
  8 kobold brigands
  Blork the orc (D:6)
  3 bullfrogs
  A necrophage (D:6)
  3 gnoll sergeants
  2 scorpions (D:6)
  9 killer bees
  An electric eel (D:11)
  2 howler monkeys
  6 orc priests
  2 gnoll boudas
  7 hounds
  A jelly (D:5)
  Crazy Yiuf (D:6)
  An iguana (D:5)
  10 orc wizards
  Robin (D:4)
  17 gnolls
  8 adders
  2 white imps
  An ufetubus (D:5)
  A worm (D:2)
  A dart slug (D:2)
  40 orcs
  9 ball pythons
  2 endoplasms
  3 giant cockroaches (D:4)
  20 goblins
  9 hobgoblins
  6 quokkas
  4 bats (D:3)
  2 frilled lizards
  17 kobolds
  7 rats
255 creatures vanquished.

Notes
Turn   | Place    | Note
-------+----------+-------------------------------------------
     0 | D:1      | kevlar127 the Troll Berserker began the quest for the Orb.
     0 | D:1      | Reached XP level 1. HP: 22/22 MP: 0/0
    63 | D:1      | Found Xiwuudd's Armour Emporium.
   138 | D:1      | Reached XP level 2. HP: 29/29 MP: 1/1
   321 | D:1      | Found Uderhy Xyox's Antique Weapon Shop.
  1043 | D:2      | Reached XP level 3. HP: 36/36 MP: 2/2
  1565 | D:2      | Found a faded altar of an unknown god.
  1596 | D:2      | Reached ** piety under Trog
  1597 | D:2      | Reached XP level 4. HP: 45/45 MP: 3/3
  1951 | D:3      | Reached skill level 4 in Unarmed Combat
  1979 | D:3      | Found a glowing drain.
  2568 | D:4      | Noticed Robin
  2759 | D:4      | Found a runed translucent gate.
  2759 | D:4      | Found a runed translucent gate.
  2759 | D:4      | Found a runed translucent gate.
  2904 | D:4      | Reached XP level 5. HP: 52/53 MP: 4/4
  2934 | D:4      | Reached skill level 1 in Armour
  3023 | D:4      | Reached XP level 6. HP: 54/62 MP: 5/5
  3047 | D:4      | Killed Robin
  3135 | D:4      | Noticed an orc warrior
  3148 | D:4      | Killed an orc warrior
  3149 | D:4      | Reached skill level 5 in Unarmed Combat
  3453 | D:4      | Noticed peter4's ghost (amateur GnHu)
  3465 | D:4      | Killed peter4's ghost
  3466 | D:4      | Reached XP level 7. HP: 68/71 MP: 6/6
  3598 | D:5      | Entered Level 5 of the Dungeon
  3713 | D:5      | Noticed a steam dragon
  3727 | D:5      | Killed a steam dragon
  3758 | D:5      | Found a runed translucent door.
  3761 | D:5      | Found a runed translucent gate.
  3762 | D:5      | Found the +9 staff of Olgreb {rPois∞}
  3766 | D:5      | Found a runed translucent door.
  3772 | D:5      | Reached *** piety under Trog
  3778 | D:5      | Reached skill level 5 in Fighting
  3778 | D:5      | Reached skill level 6 in Unarmed Combat
  3911 | D:5      | Found a snail-covered altar of Cheibriados.
  4029 | D:5      | Noticed a redback
  4029 | D:5      | Noticed a redback
  4030 | D:5      | Found a runed translucent gate.
  4030 | D:5      | Found a runed translucent gate.
  4030 | D:5      | Noticed a redback
  4056 | D:5      | Reached XP level 8. HP: 37/80 MP: 7/7
  4754 | D:6      | Found a sacrificial altar of Ru.
  4762 | D:6      | Reached skill level 7 in Unarmed Combat
  4887 | D:6      | Noticed Blork the orc
  4887 | D:6      | You fall into a shaft and drop 3 floors!
  5138 | D:6      | Killed Blork the orc
  5168 | D:6      | Found an ornate altar of the Wu Jian Council.
  5217 | D:6      | Found a runed translucent door.
  5218 | D:6      | Noticed Crazy Yiuf
  5495 | D:6      | Killed Crazy Yiuf
  5638 | D:7      | Reached XP level 9. HP: 88/92 MP: 8/8
  5652 | D:7      | Reached skill level 8 in Unarmed Combat
  5653 | D:7      | Reached **** piety under Trog
  5811 | D:7      | Reached skill level 1 in Throwing
  5869 | D:7      | Found a glowing golden altar of the Shining One.
  6593 | D:7      | Found a staircase to the Ecumenical Temple.
  6985 | D:8      | Noticed Prince Ribbit
  6992 | D:8      | Killed Prince Ribbit
  6993 | D:8      | Reached skill level 9 in Unarmed Combat
  7014 | D:8      | Found a hazy altar of Hepliaklqana.
  7018 | D:8      | Noticed Joseph
  7030 | D:8      | Killed Joseph
  7077 | D:8      | Noticed Erica
  7095 | D:8      | Killed Erica
  7096 | D:8      | Reached XP level 10. HP: 46/104 MP: 9/9
  7574 | D:9      | Found a broken altar of Ashenzari.
  7574 | D:9      | Found a basalt altar of Yredelemnul.
  7575 | D:9      | Found a radiant altar of Vehumet.
  7800 | D:9      | Reached skill level 5 in Throwing
  7829 | D:9      | Found a staircase to the Orcish Mines.
  7845 | D:9      | Reached skill level 10 in Unarmed Combat
  8693 | D:10     | Entered Level 10 of the Dungeon
  8830 | D:10     | Noticed a two-headed ogre
  8838 | D:10     | Killed a two-headed ogre
  8839 | D:10     | Reached XP level 11. HP: 111/115 MP: 10/10
  8952 | D:10     | Noticed Josephine
  8966 | D:10     | Killed Josephine
  8995 | D:10     | Reached skill level 11 in Unarmed Combat
 10279 | D:11     | Reached ***** piety under Trog
 10283 | D:11     | Found a staircase to the Lair.
 10326 | D:11     | Noticed a seven-headed hydra
 10335 | D:11     | Killed an eight-headed hydra
 10342 | D:11     | Demolished by a cyclops

Illustrated notes

Levels and vault maps discovered:
D:1:      lightli_arrival_flooded_house, layout_loops_ring, serial_shops,
          shop_statue, shop_fountains, serial_forest,
          infiniplex_forest_clump_long, infiniplex_forest_lined_corner,
          infiniplex_forest_lined_4_way, infiniplex_forest_lined_room_2,
          infiniplex_forest_zigzag_1, infiniplex_forest_lined_2,
          infiniplex_forest_diagonal, infiniplex_forest_side_room,
          chequers_serial_rivers_room_a
D:2:      layout_basic, hellmonk_ecumenical_altar_pennies_from_heaven,
          nicolae_eternal_life, st_stairs_6, dk_noncrumbling_3, minivault_24,
          dk_vineyard_1, grunt_decor_clamped
D:3:      layout_basic, portal_sewer_entry_b
D:4:      layout_rooms, ebering_ghost_rock_garden, kennysheep_diamond,
          dreamdust_princess_corridor, guppyfry_early_orc_mine, uniq_robin
D:5:      layout_rooms, lemuel_doored_altar,
          minmay_guarded_unrand_staff_of_olgreb
D:6:      layout_loops_ring, nzn_wu_jian_contemplation,
          mainiacjoe_overflow_paths, uniq_blork_the_orc, uniq_crazy_yiuf_cottage
D:7:      layout_rooms, tso_metal_star, minmay_temple_entry_poolview
D:8:      layout_loops_ring, mainiacjoe_overflow_alcove_2, uniq_erica,
          uniq_joseph, uniq_prince_ribbit1
D:9:      layout_roguey, gammafunk_temple_overflow_claw,
          kennysheep_orc_monster_closet_entryway
D:10:     layout_stronghold, uniq_josephine
D:11:     layout_loops_ring, erik_lair_island

Skill      XL: |  1  2  3  4  5  6  7  8  9 10 11 |
---------------+----------------------------------+-----
Fighting       | 3 4 5 6 8 9 |  9.6
Dodging        | 3 |  3.0
Unarmed Combat | 4 5 6 7 9 10 11 | 11.3
Armour         | 1 2 3 4 |  4.0
Throwing       | 4 6 7 |  7.2

Action                   |  1- 3 |  4- 6 |  7- 9 | 10-12 || total
-------------------------+-------+-------+-------+-------++-------
Melee: Unarmed           |   102 |   173 |   257 |   258 ||   790
       Punch             |     2 |     4 |    12 |    12 ||    30
Throw: Boomerang         |       |       |     2 |    35 ||    37
Invok: Berserk           |       |     2 |     1 |     2 ||     5
       Trog's Hand       |       |       |     3 |     1 ||     4
       Brothers in Arms  |       |       |       |     1 ||     1
  Use: Scroll            |       |       |     1 |       ||     1
Armor: Animal skin       |    15 |    62 |    16 |       ||    93
       Steam dragon scal |       |       |    35 |    60 ||    95
Dodge: Dodged            |    37 |    72 |   145 |    86 ||   340
Block: Other             |    13 |    44 |    44 |    51 ||   152
       Reflection        |       |       |     1 |     1 ||     2

Table legend: (Time is in decaauts)
 A = Elapsed time spent in this place.
 B = Non-inter-level travel time spent in this place.
 C = Inter-level travel time spent in this place.
 D = Time resting spent in this place.
 E = Time spent auto-exploring this place.
 F = Levels seen in this place.
 G = Mean time per level.
                   A        B        C        D        E       F      G
               +--------+--------+--------+--------+--------+-----+--------+
         Total |  10310 |   9682 |    628 |   2298 |   5797 |  11 |  937.3 |
       Dungeon |  10310 |   9682 |    628 |   2298 |   5797 |  11 |  937.3 |
               +--------+--------+--------+--------+--------+-----+--------+

Top non-repeatable levels by time:
    D:10: 1594 daAuts
     D:9: 1161 daAuts
     D:6: 1103 daAuts
     D:7: 1053 daAuts
     D:2: 1045 daAuts
     D:3: 1034 daAuts
     D:5: 988 daAuts
     D:4: 856 daAuts
     D:8: 741 daAuts
     D:1: 663 daAuts
    D:11: 67 daAuts
